 Dungeon Crawl Stone Soup version 0.29.1-4-g47bece8355 (webtiles) character file.

Game seed: 13907565957289257444

140 FexLirch the Chopper (level 5, -3/67 HPs)
             Began as a Meteoran Fighter on Dec 7, 2022.
             Slain by a gnoll
             ... wielding a +0 halberd
              (4 damage)
             ... on level 4 of the Dungeon.
             The game lasted 00:08:00 (777 turns).

FexLirch the Chopper (Meteoran Fighter)              Turns: 777, Time: 00:08:00

Health: -3/67      AC: 22    Str: 19    XL:     5   Next: 76%
Magic:  6/6        EV:  2    Int:  9    God:
Gold:   147        SH:  0    Dex: 14    Spells: 4/4 levels left

rFire   . . .      SeeInvis .   a - +0 war axe
rCold   + . .      Faith    .   c - +0 buckler
rNeg    . . .      Spirit   .   (body armour currently unavailable)
rPois   +          Reflect  .   (helmet currently unavailable)
rElec   .          Harm     .   (cloak currently unavailable)
rCorr   .          Rampage  .   (gloves currently unavailable)
Will    +....      NoTele   +   (boots currently unavailable)
Stlth   +.........              (no amulet)
HPRegen 0.21/turn               k - ring of protection from cold
MPRegen 0.10/turn               w - ring of willpower

@: mighty, tree-form, held, glowing
A: stationary, stasis, torment immunity, boosted hp, sense surroundings 1,
otherworldly, glowing, explore regen
a: no special abilities


You were on level 4 of the Dungeon.
You were a tree.
You visited 1 branch of the dungeon, and saw 4 of its levels.

You collected 147 gold pieces.

Inventory:

Hand Weapons
 a - a +0 war axe (weapon)
Armour
 b - a +0 scale mail (melded)
 c - a +0 buckler (worn)
Jewellery
 k - a ring of protection from cold (left branch)
 t - the amulet "Qur Doeloil" {Faith Int+5 Dex-4}
   (You found it on level 4 of the Dungeon)

   [amulet of faith]

   It allows you to gain divine favour quickly.
   Int:       It affects your intelligence (+5).
   Dex:       It affects your dexterity (-4).
 w - a ring of willpower (right branch)
Wands
 s - a wand of digging (3)
Scrolls
 e - a scroll of poison {unknown}
 h - 3 scrolls of identify {unknown}
 l - a scroll of summoning {unknown}
 m - a scroll of fear {unknown}
 n - 2 scrolls of immolation {unknown}
 o - a scroll of noise {unknown}
 p - a scroll of brand weapon {unknown}
 r - a scroll of blinking {unknown}
 u - 2 scrolls of amnesia {unknown}
Potions
 d - a potion of might
 q - a potion of heal wounds {unknown}
 v - a potion of degeneration {unknown}


   Skills:
 - Level 3.2 Fighting
 + Level 6.3 Axes
 - Level 3.6 Armour
 - Level 3.6 Shields


You had 4 spell levels left.
You didn't know any spells.
Your spell library contained the following spells:

 Spells                   Type           Power      Damage    Failure   Level
 Foxfire                  Conj/Fire      0%         2x1d4     47%         1
 Conjure Flame            Conj/Fire      0%         6-21      85%         3
 Gell's Gravitas          Tloc           0%         N/A       85%         3
 Inner Flame              Hex/Fire       0%         N/A       85%         3
 Teleport Other           Tloc           0%         N/A       85%         3
 Flame Wave               Conj/Fire      0%         2d4       99%         4
 Dispersal                Tloc           0%         N/A       100%        6


Dungeon Overview and Level Annotations

Branches:
Dungeon (4/15) Zot: 1591
 Temple: D:4-7

Altars:


Innate Abilities, Weirdness & Mutations

You are a tree.
Your roots penetrate the ground, keeping you stationary.
You cannot be teleported.
You are immune to unholy pain and torment.
Your maximum health is greatly increased.
Your equipment is partially melded.
You passively map a small area around you.
You are easily found by Zot.
You glow in the dark.
You regain HP and MP as you explore.


Message History

* * * LOW HITPOINT WARNING * * *
The gnoll hits you but does no damage.
Unknown command.
You slice the gnoll!!
You kill the gnoll!
The gnoll throws a throwing net.
The throwing net hits you.
You become entangled in the net!
Unknown command.
You cannot throw/fire anything while held in a net.
It was a potion of lignification.
You turn into a tree.
Your +0 scale mail melds into your body.
Your roots penetrate the ground.
The net rips apart!
The gnoll hits you but does no damage.
Okay, then.
Throw: 2 throwing nets
Press: ? - help, Q - select action Shift-Dir - straight line, f - gnoll
Aim: a gnoll, wielding a +0 halberd and quivering a throwing net (63% to hit)
Okay, then.
Unknown command.
Unknown command.
Unknown command.
Throw: 2 throwing nets
Press: ? - help, Q - select action Shift-Dir - straight line, f - gnoll
Aim: a gnoll, wielding a +0 halberd and quivering a throwing net (63% to hit)
You throw a throwing net.
The throwing net barely misses the gnoll.
You block the gnoll's attack.
Throw: throwing net
Press: ? - help, Q - select action Shift-Dir - straight line, f/p - gnoll
Aim: a gnoll, wielding a +0 halberd and quivering a throwing net (63% to hit)
You throw a throwing net.
The throwing net barely misses the gnoll.
The gnoll throws a throwing net.
The throwing net hits you.
You become entangled in the net!
You struggle against the net.
The gnoll hits you from afar with a +0 halberd.
* * * LOW HITPOINT WARNING * * *
It was a potion of flight.
Your roots keep you in place.
The gnoll hits you from afar with a +0 halberd.
You die...

#### * #########..
.#........ .....)....#
,........#** * .!........#
*,........* ..........#
,......., *
......)...#####....#* ####
..............#....#.......
....###....h..#....#........
..., #.......#♣)..#........
. , #.......#)...#........
,.......hg.g....#......#+ ,
###########...........# , ,,
#...........# * * *
##...........# , ,
............>..# ,
**###............#, * , , ,
, ..............# , *


You could see a gnoll.

Vanquished Creatures
  A hound (D:4)
  3 gnolls (D:4)
  4 adders
  2 worms (D:2)
  4 ball pythons
  An endoplasm (D:2)
  3 goblins (D:1)
  6 hobgoblins
  5 jackals
  4 kobolds
  A quokka (D:4)
  3 bats
  A frilled lizard (D:1)
  3 rats
41 creatures vanquished.

Vanquished Creatures (others)
  4 demonic plants (D:1)
  3 plants (D:1)
7 creatures vanquished.

Grand Total: 48 creatures vanquished

Notes
Turn   | Place    | Note
-------+----------+-------------------------------------------
     0 | D:1      | FexLirch the Meteoran Fighter began the quest for the Orb.
     0 | D:1      | Reached XP level 1. HP: 19/19 MP: 2/2
    63 | D:1      | Reached skill level 3 in Axes
    63 | D:1      | Reached XP level 2. HP: 26/26 MP: 3/3
   173 | D:1      | Reached XP level 3. HP: 30/31 MP: 4/4
   217 | D:1      | Reached skill level 4 in Axes
   532 | D:2      | Reached XP level 4. HP: 38/38 MP: 5/5
   647 | D:4      | Reached skill level 5 in Axes
   648 | D:4      | Reached XP level 5. HP: 7/45 MP: 6/6
   663 | D:4      | Identified the amulet "Qur Doeloil" {Faith Int+5 Dex-4}
   753 | D:4      | Reached skill level 6 in Axes
   769 | D:4      | HP: 2/45 [gnoll/+0 halberd (8)]
   776 | D:4      | HP: 1/67 [gnoll/+0 halberd (6)]
   777 | D:4      | Slain by a gnoll

Illustrated notes

Levels and vault maps discovered:
D:1:      eino_arrival_water_cross, layout_basic, dreamdust_princess_corridor
D:2:      layout_rooms
D:3:      layout_loops_ring, gammafunk_ghost_necromancy,
          minmay_misc_feat_more_columns, uniq_robin, uniq_terence
D:4:      layout_basic, minmay_temple_entry_mini_moons, minmay_crystal_room

Skill      XL: |  1  2  3  4  5 |
---------------+----------------+-----
Axes           | 3 4 5 6 |  6.3
Fighting       | |  3.2
Armour         | |  3.6
Shields        | |  3.6

Action                   |  1- 3 |  4- 6 || total
-------------------------+-------+-------++-------
Melee: War axe           |    59 |    38 ||    97
Throw: Throwing net      |       |     2 ||     2
  Use: Potion            |       |     6 ||     6
Armor: Scale mail        |    27 |    27 ||    54
       Skin              |       |     1 ||     1
Dodge: Dodged            |    26 |    24 ||    50
Block: Buckler           |     8 |    11 ||    19
